Map: Lock & Load

Players

Anzu

  • Race: Zerg Zerg
  • Spawn Location: 7:00

meowmeowcute

  • Race: Protoss Protoss
  • Spawn Location: 6:00

VOD

Have the link to the VOD?

Description

Time

  • Played on: Nov. 19, 2017, 12:30 p.m.
  • Length: 27:30
Show
View Real Time Build Order
Export as new Build Order

Anzu Zerg 

Build Orders:  

Get SALT Encoding   

  12  0:06  Drone  
  13  0:30  Drone  
  13  0:39  Overlord  
  14  0:56  Spawning Pool, Drone  
  14  1:06  Overlord  
  14  1:13  Drone  
  14  1:18  Drone  
  16  1:25  Drone  
  17  1:50  Overlord  
  17  1:54  Queen  
  19  2:07  Zergling x4  
  21  2:27  Zergling x2  
  22  2:34  Evolution Chamber  
  21  2:45  Drone  
  22  3:05  Drone x2  
  24  3:11  Extractor  
  24  3:17  Spine Crawler  
  22  3:23  Drone  
  23  3:37  Drone x2  
  23  3:38  Drone x2  
  27  3:49  Spine Crawler  
  26  4:00  Zergling x4  
  27  4:31  Zergling x4  
  29  4:40  Extractor, Drone  
  29  4:43  Overlord x2  
  29  4:51  Spine Crawler  
  28  5:04  Drone  
  29  5:19  Hatchery  
  24  5:47  Zergling x4  
  24  5:48  Zergling x8  
  30  6:05  Queen  
  32  6:22  Drone x2  
  34  6:42  Drone x2  
  34  6:48  Drone x5  
  41  6:56  Lair  
  41  7:12  Zerg Melee Weapons Level 1  
  33  8:30  Drone x4  
  33  8:37  Zergling x6  
  33  8:38  Zergling x10  
  33  8:39  Zergling x4  
  47  9:08  Drone  
  48  9:11  Drone  
  49  9:25  Drone x3  
  52  9:35  Pneumatized Carapace  
  52  9:43  Hydralisk Den  
  51  9:52  Heroic Fortitude  
  46  10:40  Drone x2  
  46  10:44  Hydralisk  
  46  10:46  Zergling x2  
  51  10:57  Overlord  
  51  10:58  Overlord  
  51  10:59  Overlord  
  51  11:04  Extractor  
  51  11:07  Extractor  
  49  11:10  Drone x2  
  49  12:13  Drone x3  
  49  12:14  Drone  
  49  12:15  Drone  
  49  12:18  Hydralisk  
  56  12:30  Hydralisk  
  56  12:36  Overlord  
  56  12:37  Overlord  
  56  12:39  Hydralisk x5  
  62  13:35  Hydralisk x4  
  62  13:37  Zergling x6  
  73  13:40  Zerg Melee Weapons Level 2  
  73  13:43  Overlord x3  
  73  13:45  Drone x3  
  72  15:03  Hydralisk  
  72  15:04  Hydralisk x2  
  72  15:05  Overlord x2  
  72  15:08  Zergling x2  
  72  15:09  Zergling x4  
  77  15:34  Zergling x4  
  77  15:36  Hydralisk x3  
  77  15:38  Zergling x4  
  77  15:39  Zergling x6  
  68  16:25  Hydralisk x2  
  68  16:26  Hydralisk x4  
  80  16:46  Hydralisk x3  
  80  16:47  Hydralisk  
  88  17:19  Hydralisk x3  
  94  17:20  Zergling x2  
  94  17:21  Zergling x6  
  94  17:23  Zerg Missile Weapons Level 1  
  94  17:27  Overlord  
  94  17:28  Overlord x2  
  79  18:47  Drone x4  
  79  18:48  Drone  
  84  18:58  Zergling x10  
  89  19:00  Overlord x2  
  89  20:11  Hydralisk x2  
  89  20:12  Hydralisk x2  
  89  20:13  Zergling x4  
  89  20:14  Zergling x2  
  100  20:21  Spire  
  100  20:26  Drone x3  
  100  20:27  Drone x2  
  100  20:28  Nydus Network  
  103  20:30  Hive  
  103  20:43  Drone  
  104  21:20  Spore Crawler  
  104  21:26  Spine Crawler  
  72  22:18  Hydralisk x2  
  72  22:19  Hydralisk x5  
  83  22:20  Zergling x2  
  83  22:21  Zergling x10  
  83  22:49  Hydralisk x2  
  83  23:22  Zergling x4  
  83  23:29  Zerg Ground Armor Level 1  
  93  23:34  Zergling x2  
  84  23:59  Unknown x2  
  80  24:00  Unknown x2  
  75  24:39  Hydralisk x2  
  73  24:40  Hydralisk x4  
  73  24:41  Zergling x4  
  73  24:42  Zergling x6  
  82  25:39  Unknown  
  82  25:41  Unknown x2  
  82  25:55  Unknown  
  69  26:22  Zergling x8  
  73  26:37  Zergling x2  
  74  27:13  Unknown x4  
  74  27:14  Unknown x2  
Show
View Real Time Build Order
Export as new Build Order

meowmeowcute Protoss 

Build Orders:  

Get SALT Encoding   

  12  0:05  Probe  
  13  0:32  Probe  
  14  0:45  Assimilator  
  14  0:53  Probe  
  15  1:04  Assimilator  
  15  1:48  Pylon  
  15  2:10  Probe  
  16  2:20  Gateway  
  16  2:24  Probe  
  17  2:30  Pylon  
  17  2:35  Pylon  
  17  2:38  Probe  
  18  2:52  Probe  
  19  3:06  Probe  
  19  3:07  Forge  
  21  3:20  Probe  
  21  3:33  Probe  
  21  3:35  Cybernetics Core  
  21  3:37  Zealot  
  24  3:47  Probe  
  25  4:01  Probe  
  25  4:02  Gateway  
  26  4:15  Probe  
  27  4:30  Dragoon  
  29  4:43  Photon Cannon  
  29  4:47  Photon Cannon  
  29  5:05  Pylon  
  29  5:49  Dragoon  
  31  5:53  Dragoon  
  33  6:30  Photon Cannon  
  33  6:34  Photon Cannon  
  33  6:39  Photon Cannon  
  33  6:44  Probe  
  34  6:59  Zealot  
  36  7:03  Dragoon  
  36  7:06  Protoss Ground Weapons Level 1  
  38  7:53  Robotics Facility  
  30  8:56  Probe  
  31  9:03  Zealot  
  31  9:07  Dragoon  
  35  9:10  Probe  
  36  9:24  Probe  
  36  9:25  Immortal  
  41  9:35  Pylon  
  41  9:38  Pylon  
  41  9:42  Protoss Air Weapons Level 1, Pylon  
  41  9:46  Protoss Ground Armor Level 1  
  41  10:20  Immortal, Zealot  
  41  10:25  Zealot  
  49  10:54  Dragoon  
  49  10:56  Dragoon  
  53  11:15  Immortal  
  53  11:18  Stargate  
  57  11:23  Robotics Bay  
  47  12:10  Immortal  
  47  12:19  Dragoon  
  53  12:20  Dragoon  
  53  12:22  Protoss Air Armor Level 1  
  53  12:26  Phoenix  
  55  13:05  Immortal  
  51  13:53  Pylon  
  51  13:56  Pylon  
  51  14:00  Immortal  
  51  14:04  Zealot  
  51  14:06  Dragoon  
  59  14:36  Phoenix  
  61  14:55  Immortal  
  65  15:11  Phoenix  
  67  15:46  Phoenix  
  96  15:50  Immortal  
  69  16:10  Nexus  
  69  16:38  Phoenix  
  67  16:46  Immortal  
  71  16:51  Zealot  
  71  16:53  Zealot  
  71  17:07  Assimilator  
  71  17:12  Phoenix  
  69  17:41  Immortal  
  69  17:47  Phoenix  
  69  18:22  Phoenix  
  69  18:30  Dragoon  
  69  18:32  Dragoon  
  69  18:33  Probe  
  69  18:36  Immortal  
  78  18:47  Probe  
  78  18:57  Phoenix  
  81  19:01  Probe  
  81  19:05  Improved Barrier  
  81  19:09  Probe  
  82  19:15  Probe  
  84  19:28  Pylon  
  84  19:29  Probe  
  84  19:31  Immortal  
  84  19:32  Phoenix  
  84  19:34  Pylon  
  91  19:42  Probe  
  92  19:56  Probe  
  89  20:07  Phoenix  
  87  20:26  Immortal  
  91  21:16  Phoenix  
  91  21:17  Probe  
  93  21:29  Dragoon  
  96  21:30  Assimilator, Probe  
  96  21:31  Dragoon  
  99  21:44  Probe  
  98  21:51  Phoenix  
  98  21:58  Probe  
  93  22:12  Probe  
  94  22:26  Phoenix  
  94  22:27  Dragoon  
  94  22:28  Dragoon  
  92  22:30  Immortal  
  92  23:01  Phoenix, Dragoon  
  92  23:02  Dragoon  
  92  23:09  Protoss Air Weapons Level 2  
  98  23:13  Probe  
  99  23:25  Immortal  
  99  23:27  Probe  
  103  23:36  Phoenix  
  106  23:41  Probe  
  107  23:55  Probe  
  108  24:08  Probe  
  108  24:11  Phoenix  
  108  24:18  Dragoon  
  108  24:19  Dragoon  
  113  24:22  Probe  
  114  24:36  Probe  
  115  24:47  Phoenix  
  117  24:50  Probe  
  117  24:59  Pylon  
  118  25:01  Pylon  
  118  25:21  Probe  
  118  25:24  Phoenix  
  121  25:59  Phoenix  
  119  26:34  Phoenix  
Tags
 
Add a new tag
Caveats
  • Supply blocks, unpowered buildings, or Contaminate may cause inaccurate times.
  • Supply counts are checked every 10 seconds.